 Dungeon Crawl Stone Soup version 0.27.1 (webtiles) character file.

Game seed: 17348708218909360428

358 nxtlvl the Sneak (level 6, -1/50 (53) HPs)
             Began as a Demigod Delver on Aug 27, 2021.
             Slain by an orc warrior (12 damage)
             ... on level 8 of the Dungeon.
             The game lasted 00:08:40 (444 turns).

nxtlvl the Sneak (Demigod Delver)                    Turns: 444, Time: 00:08:41

HP:   -1/50 (53)    AC: 11    Str: 13    XL:     6   Next: 14%
MP:   8/8           EV:  4    Int: 12    God:
Gold: 55            SH:  0    Dex: 23    Spells: 5/5 levels left

rFire    . . .     SeeInvis .   b - +4 quarterstaff (chaos)
rCold    . . .     Faith    .   (shield currently unavailable)
rNeg     . . .     Spirit   .   c - +0 plate armour
rPois    .         Reflect  .   (no helmet)
rElec    .         Harm     .   d - +0 cloak
rCorr    .         Rampage  .   (no gloves)
Will     .....                  (no boots)
Stlth    ..........             (no amulet)
HPRegen  0.16/turn              (no ring)
MPRegen  0.11/turn              (no ring)

@: drained
A: high mp 1, forlorn
a: no special abilities


You were on level 8 of the Dungeon.
You visited 1 branch of the dungeon, and saw 5 of its levels.

You collected 55 gold pieces.

Inventory:

Hand Weapons
 a - a +0 mace
 b - a +4 quarterstaff of chaos (weapon)
Missiles
 j - 6 javelins (quivered)
 l - 16 bolts
Armour
 c - a +0 plate armour (worn)
 d - a +0 cloak (worn)
 h - a +0 ring mail
Jewellery
 s - a ring of poison resistance
Wands
 g - a wand of digging (3)
 k - a wand of acid (6)
 o - a wand of polymorph (5)
 p - a wand of paralysis (5)
Scrolls
 e - a scroll of fear
 i - 2 scrolls of teleportation {unknown}
 m - a scroll of magic mapping
 n - a scroll of enchant weapon {unknown}
 q - a scroll of fog
 r - a scroll of noise {unknown}
Potions
 f - 3 potions of haste


   Skills:
 - Level 4.4 Fighting
 - Level 4.0(4.2) Maces & Flails
 * Level 1.8(3.1) Staves
 - Level 2.4 Dodging
 - Level 4.5 Stealth
 - Level 1.2 Evocations


You had 5 spell levels left.
You didn't know any spells.
Your spell library contained the following spells:

 Spells                   Type           Power      Damage    Failure   Level
 Portal Projectile        Hex/Tloc       0%         N/A       100%        3
 Blade Hands              Tmut           0%         N/A       100%        5
 Excruciating Wounds      Necr           0%         N/A       100%        5


Dungeon Overview and Level Annotations

Branches:
Dungeon (9/15)
 Temple: D:4-7         Lair: D:8-11         Orc: D:9-12


Innate Abilities, Weirdness & Mutations

Your attributes grow dramatically as you level up.
You have an increased reservoir of magic. (+10% MP)
You shall have no god before yourself.


Message History

The orc hits you from afar with a +0 trident.
* * * LOW HITPOINT WARNING * * *
The orc wizard hits you but does no damage.
You miss the orc.
The orc is heavily wounded.
The orc barely misses you. The orc completely misses you.
The orc hits you but does no damage.
You bump into the rock wall.
The orc wizard hits you but does no damage.
The orc barely misses you.
You hit the orc wizard but do no damage.
The orc wizard barely misses you. The orc closely misses you.
You closely miss the orc wizard.
The orc wizard casts a spell.
The orc wizard flickers and vanishes!
Deactivating autopickup; reactivate with Ctrl-A.
The orc hits you but does no damage.
An orc wizard comes into view. It is wielding a +0 dagger.
Found a stone staircase leading up.
You feel less invigorated.
The orc wizard shouts!
You hear a shout!
An orc comes into view. It is wielding a +0 hand axe.
The orc warrior shouts!
You barely miss something.
You hear some strange, mumbled words.
Something tries to affect you, but you resist.
The orc hits you from afar with a +0 trident.
Something hits you. The orc hits you but does no damage.
You bump into the rock wall.
You feel less confused. Something hits you. The orc barely misses you.
The orc warrior hits you from afar with a +0 glaive!
The orc hits you but does no damage.
The orc warrior hits you from afar with a +0 glaive.
You hear some strange, mumbled words.
A puff of flame appears from out of thin air!
The puff of flame hits you!
* * * LOW HITPOINT WARNING * * *
The orc hits you but does no damage.
The orc warrior hits you from afar with a +0 glaive!
You die...

........### ..$
#.#.......# ......!.#
...##.........#
.....####
.o............# ....#..
#)#.......# ......#
#.........# ...####
#oo...##### ... ..
#z##..# ... .#####
######.##.## ...
......##.@..{o#..# .
#...........o...$## .
..........oo....## .
............|..$# .
####................#
###...................#
...(##................#
##### ...)............#
#..............##


You could see an orc warrior, an orc wizard and 2 orcs.

Vanquished Creatures
  An orc warrior (D:8)
  A phantom (D:6)
  A bullfrog (D:6)
  A wight (D:8)
  Crazy Yiuf (D:6)
  An orc wizard (D:8)
  A killer bee zombie (D:8)
  2 orcs (D:8)
9 creatures vanquished.

Vanquished Creatures (others)
  An orc wizard (D:8)
1 creature vanquished.

Grand Total: 10 creatures vanquished

Notes
Turn   | Place    | Note
-------+----------+-------------------------------------------
     0 | D:5      | nxtlvl the Demigod Delver began the quest for the Orb.
     0 | D:5      | Reached XP level 1. HP: 18/18 MP: 3/3
    53 | D:6      | Found a runed translucent door.
    54 | D:6      | Noticed Crazy Yiuf
    59 | D:6      | Killed Crazy Yiuf
    60 | D:6      | Reached XP level 2. HP: 25/25 MP: 4/4
    96 | D:6      | Noticed a phantom
   115 | D:6      | Killed a phantom
   116 | D:6      | Reached XP level 3. HP: 31/31 MP: 5/5
   116 | D:6      | Reached XP level 4. HP: 39/39 MP: 6/6
   127 | D:5      | Noticed a bullfrog
   140 | D:6      | Killed a bullfrog
   141 | D:6      | Reached XP level 5. HP: 31/46 MP: 7/7
   227 | D:8      | Noticed an orc warrior
   239 | D:8      | Noticed an orc warrior
   260 | D:8      | Killed an orc warrior
   261 | D:8      | Reached skill level 1 in Evocations
   276 | D:8      | Reached skill level 1 in Staves
   311 | D:8      | Reached XP level 6. HP: 14/50 MP: 8/8
   444 | D:8      | Slain by an orc warrior

Illustrated notes

Levels and vault maps discovered:
D:5:      minmay_clustersquares, layout_basic, nicolae_elyvilon_peaceful_grove,
          minitemple, minmay_temple_entry_wispy
D:6:      layout_basic, mainiacjoe_overflow_six_doors_small,
          uniq_crazy_yiuf_cottage
D:7:      layout_loops_ring, riverfiend_overflow_shadow_ancestor, serial_shops,
          nicolae_diamond_shop
D:8:      layout_rooms, nicolae_ru_sacrificial_ziggurat, uniq_joseph
D:9:      layout_stronghold, okawaru_trees_2, lemuel_round_altar, serial_shops,
          nicolae_shop_competitors_out_of_business

Skill      XL: |  1  2  3  4  5 |
---------------+----------------+-----
Maces & Flails | 3 4 |  4.0
Fighting       | 3 4 |  4.4
Dodging        | 2 |  2.4
Evocations     | 1 |  1.2
Staves         | 1 |  1.8
Stealth        | |  4.5

Action                   |  1- 3 |  4- 6 || total
-------------------------+-------+-------++-------
Melee: Quarterstaff      |     5 |    39 ||    44
Evoke: Wand              |     2 |     3 ||     5
  Use: Potion            |       |     2 ||     2
Armor: Ring mail         |     2 |     5 ||     7
       Plate armour      |       |    18 ||    18
Dodge: Dodged            |     3 |    23 ||    26
